 Dungeon Crawl Stone Soup version 0.28.0 (webtiles) character file.

Game seed: 9468987546167349315

42 Renzlar the Shield-Bearer (level 3, -6/35 HPs)
             Began as a Gnoll Fighter on Feb 17, 2022.
             Mangled by a gnoll (7 damage)
             ... on level 2 of the Dungeon.
             The game lasted 00:02:26 (646 turns).

Renzlar the Shield-Bearer (Gnoll Fighter)            Turns: 646, Time: 00:02:27

Health: -6/35      AC:  9    Str: 17    XL:     3   Next: 56%
Magic:  4/4        EV:  9    Int:  7    God:
Gold:   39         SH:  5    Dex: 11    Spells: 3/3 levels left

rFire   . . .      SeeInvis .   a - +0 war axe
rCold   . . .      Faith    .   c - +0 buckler
rNeg    . . .      Spirit   .   b - +0 scale mail
rPois   .          Reflect  .   (no helmet)
rElec   .          Harm     .   m - +0 cloak
rCorr   .          Rampage  .   (no gloves)
Will    .....                   (no boots)
Stlth   ..........              (no amulet)
HPRegen 0.11/turn               (no ring)
MPRegen 0.09/turn               (no ring)

@: no status effects
A: fangs 1, strong nose, distributed training
a: no special abilities


You were on level 2 of the Dungeon.
You visited 1 branch of the dungeon, and saw 2 of its levels.

You collected 39 gold pieces.

Inventory:

Hand Weapons
 a - a +0 war axe (weapon)
Missiles
 g - 46 stones (quivered)
 l - a throwing net
Armour
 b - a +0 scale mail (worn)
 c - a +0 buckler (worn)
 m - a +0 cloak (worn)
Scrolls
 f - a scroll of blinking {unknown}
 h - a scroll of vulnerability {unknown}
 i - a scroll of immolation {unknown}
 k - 2 scrolls of amnesia
 n - a scroll of teleportation {unknown}
Potions
 d - a potion of might
 e - a potion of mutation
 j - a potion of curing


   Skills:
 + Level 6.5 Fighting
 + Level 0.8 Short Blades
 + Level 0.8 Long Blades
 + Level 4.5 Axes
 + Level 0.8 Maces & Flails
 + Level 0.8 Polearms
 + Level 0.8 Staves
 + Level 0.8 Slings
 + Level 0.8 Bows
 + Level 0.8 Crossbows
 + Level 0.8 Throwing
 + Level 6.5 Armour
 + Level 0.8 Dodging
 + Level 0.8 Stealth
 + Level 6.5 Shields
 + Level 0.8 Unarmed Combat
 + Level 0.8 Spellcasting
 + Level 0.5 Conjurations
 + Level 0.5 Hexes
 + Level 0.5 Summonings
 + Level 0.5 Necromancy
 + Level 0.5 Translocations
 + Level 0.5 Transmutations
 + Level 0.5 Fire Magic
 + Level 0.5 Ice Magic
 + Level 0.5 Air Magic
 + Level 0.5 Earth Magic
 + Level 0.5 Poison Magic
 + Level 1.0 Invocations
 + Level 0.8 Evocations


You had 3 spell levels left.
You didn't know any spells.
Your spell library was empty.

Dungeon Overview and Level Annotations

Branches:
Dungeon (2/15)

Altars:


Innate Abilities, Weirdness & Mutations

You have very sharp teeth.
Your uncanny sense of smell can sniff out nearby items.
Your experience applies equally to all skills.


Message History

The bat barely misses you. You block the bat's attack.
The bat closely misses you. The gnoll closely misses you.
You slash the bat!
You kill the bat!
You block the gnoll's attack. x2
The gnoll barely misses you.
You slash the gnoll!
The gnoll is heavily wounded.
The gnoll hits you with a +0 spear.
You barely miss the gnoll.
The gnoll is heavily wounded.
The gnoll shouts!
The gnoll hits you with a +0 spear.
You hit the gnoll.
The gnoll is almost dead.
You block the gnoll's attack.
You hit the gnoll.
You kill the gnoll!
The gnoll barely misses you.
Your Invocations skill increases to level 1!
The gnoll hits you with a +0 halberd!
Things that are here:
a +0 spear; a gnoll corpse You barely miss the gnoll.
You block the gnoll's attack.
You closely miss the gnoll. You bite the gnoll.
The gnoll is lightly wounded.
The gnoll closely misses you.
The gnoll hits you from afar with a +0 halberd.
You closely miss the gnoll.
The gnoll is lightly wounded.
The gnoll hits you with a +0 halberd!
* * * LOW HITPOINT WARNING * * *
The gnoll hits you from afar with a +0 halberd.
* * * LOW HITPOINT WARNING * * *
You hit the gnoll.
The gnoll is moderately wounded.
The gnoll hits you from afar with a +0 halberd.
* * * LOW HITPOINT WARNING * * *
The gnoll hits you with a +0 halberd!
You die...

.....†...........# ...
.....#...........#..#
.#)..#..#......###.# ∆
<#.#.#..###....#...#∆∆∆
.#.#..##....)....#
................##
..............#.#
..............#.##
..............#.@###
..........>...##g..# #
########......####g##
.g. ########
#..#+#.b..g ##.....#
##..### #..... #.####.#
..#


You could see 2 gnolls.

Vanquished Creatures
  A gnoll (D:2)
  3 endoplasms (D:1)
  5 giant cockroaches
  5 goblins (D:1)
  2 quokkas
  4 ball pythons
  3 bats
  3 kobolds
  3 rats
29 creatures vanquished.

Notes
Turn   | Place    | Note
-------+----------+-------------------------------------------
     0 | D:1      | Renzlar the Gnoll Fighter began the quest for the Orb.
     0 | D:1      | Reached XP level 1. HP: 23/23 MP: 1/1
   104 | D:1      | Reached XP level 2. HP: 25/29 MP: 2/2
   564 | D:2      | Reached XP level 3. HP: 35/35 MP: 3/3
   642 | D:2      | Reached skill level 1 in Invocations
   646 | D:2      | HP: 1/35 [gnoll (4)]
   646 | D:2      | Mangled by a gnoll

Illustrated notes

Levels and vault maps discovered:
D:1:      amcnicky_arrival_gap_in_the_tavern_cellar, layout_basic
D:2:      cheibrodos_greedy_goblins, layout_basic,
          nicolae_ecumenical_lake_church, grunt_decor_fettered

Skill      XL: |  1  2  3 |
---------------+----------+-----
Invocations    | 1 |  1.0
Fighting       | |  6.5
Short Blades   | |  0.8
Long Blades    | |  0.8
Axes           | |  4.5
Maces & Flails | |  0.8
Polearms       | |  0.8
Staves         | |  0.8
Slings         | |  0.8
Bows           | |  0.8
Crossbows      | |  0.8
Throwing       | |  0.8
Armour         | |  6.5
Dodging        | |  0.8
Stealth        | |  0.8
Shields        | |  6.5
Unarmed Combat | |  0.8
Spellcasting   | |  0.8
Conjurations   | |  0.5
Hexes          | |  0.5
Summonings     | |  0.5
Necromancy     | |  0.5
Translocations | |  0.5
Transmutations | |  0.5
Fire Magic     | |  0.5
Ice Magic      | |  0.5
Air Magic      | |  0.5
Earth Magic    | |  0.5
Poison Magic   | |  0.5
Evocations     | |  0.8

Action                   || total
-------------------------++-------
Melee: War axe           ||    75
       Bite              ||     4
  Use: Scroll            ||     3
Armor: Scale mail        ||    38
Dodge: Dodged            ||    40
Block: Buckler           ||    30
